 Dungeon Crawl Stone Soup version 0.30-a0-808-g6e0788376e (webtiles) character file.

Game seed: 16323511941123048963

105995 ragingrage the Marksvine stalker (level 16, -8/76 HPs)
             Began as a Vine Stalker Delver on Feb 25, 2023.
             Was the Champion of Hepliaklqana.
             Killed from afar by a shock serpent (28 damage)
             ... with a bolt of electricity
             ... on level 2 of the Snake Pit.
             The game lasted 00:28:52 (24002 turns).

ragingrage the Marksvine stalker (VSDe)            Turns: 24002, Time: 00:28:53

Health: -8/76      AC: 12    Str: 13    XL:     16   Next: 42%
Magic:  0/24       EV: 18    Int: 10    God:    Hepliaklqana [******]
Gold:   544        SH:  5    Dex: 23    Spells: 19/21 levels left

rFire   . . .      SeeInvis +    T - +3 longbow (flame)
rCold   + + .      Faith    .    (shield currently unavailable)
rNeg    . . .      Spirit   +    j - +0 troll leather armour
rPois   +          Reflect  +    I - +0 helmet
rElec   .          Harm     .    K - +2 cloak {rCorr}
rCorr   +          Rampage  .    E - +0 pair of gloves
Will    ++...                    X - +1 pair of boots
Stlth   +++++                    R - amulet of reflection
HPRegen 1.92/turn                c - ring of Mufid {rPois rC+ Str-3 SInv}
MPRegen 0.19/turn                N - ring of protection from cold

@: no status effects
A: reduced essence, fangs 3, regeneration 1, magic shield, antimagic bite, no
potion heal 2
a: Renounce Religion, Recall Ancestor, Ancestor Identity, Transference, Idealise


You were on level 2 of the Snake Pit.
You worshipped Hepliaklqana.
Hepliaklqana was exalted by your worship.
You visited 4 branches of the dungeon, and saw 24 of its levels.

You collected 2240 gold pieces.
You spent 1696 gold pieces at shops.

Inventory:

Hand Weapons
 A - the +1 dagger "Cookie Cutter" {vamp, Dex+3}
   (You found it on level 5 of the Dungeon)

   Dex:       It affects your dexterity (+3).
 T - a +3 longbow of flaming (weapon)
Missiles
 f - 3 throwing nets
 l - 6 boomerangs of dispersal
 m - 50 poisoned darts
 F - 3 curare-tipped darts
Armour
 b - the +1 leather armour "Notzuth" {rC+ Dex+4}
   (You found it on level 2 of the Snake Pit)

   Dex:       It affects your dexterity (+4).
   rC:        It protects you from cold.
 j - a +0 troll leather armour (worn)
 z - a +2 leather armour of poison resistance
 E - a +0 pair of gloves (worn)
 I - a +0 helmet (worn)
 K - a +2 cloak of preservation (worn)
 X - a +1 pair of boots (worn)
Jewellery
 c - the ring of Mufid (left hand) {rPois rC+ Str-3 SInv}
   (You found it on level 12 of the Dungeon)

   [ring of see invisible]

   Str:       It affects your strength (-3).
   rC:        It protects you from cold.
   rPois:     It protects you from poison.
   SInv:      It lets you see invisible.
 w - a ring of fire
 N - a ring of protection from cold (right hand)
 R - an amulet of reflection (around neck)
Wands
 a - a wand of mindburst (9)
 g - a wand of digging (3)
 s - a wand of charming (12)
 x - a wand of flame (50)
 G - a wand of roots (21)
 P - a wand of polymorph (5)
 W - a wand of quicksilver (2)
Scrolls
 d - 5 scrolls of magic mapping
 e - 4 scrolls of fear
 h - a scroll of summoning
 i - 3 scrolls of vulnerability
 o - 9 scrolls of teleportation
 p - 4 scrolls of enchant weapon
 r - 2 scrolls of immolation
 u - 5 scrolls of fog
 y - 4 scrolls of poison
 H - 2 scrolls of amnesia
 V - a scroll of blinking
 Y - a scroll of brand weapon
 Z - 5 scrolls of identify
Potions
 k - 5 potions of might
 n - 6 potions of curing
 t - 9 potions of mutation
 v - 2 potions of berserk rage
 B - a potion of resistance
 C - 3 potions of attraction
 D - 2 potions of ambrosia
 J - a potion of brilliance
 L - a potion of flight
 O - a potion of cancellation
 S - 6 potions of haste
 U - 5 potions of lignification
Miscellaneous
 q - a condenser vane


   Skills:
 + Level 10.1 Fighting
 - Level 3.3 Short Blades
 - Level 18.0 Ranged Weapons
 - Level 5.0 Armour
 - Level 9.0 Dodging
 - Level 10.0 Stealth
 - Level 3.0 Spellcasting
 - Level 5.0 Translocations
 - Level 10.0 Invocations
 + Level 5.7 Evocations


You had 19 spell levels left.
You knew the following spells:

 Your Spells              Type           Power      Damage    Failure   Level
a - Blink                 Tloc           22%        N/A       7%          2

Your spell library contained the following spells:

 Spells                   Type           Power      Damage    Failure   Level
 Lesser Beckoning         Tloc           22%        N/A       7%          2
 Momentum Strike          Conj/Tloc      12%        3d8       19%         2
 Freeze                   Ice            4%         1d3       34%         1
 Necrotise                Necr           4%         1d4       34%         1
 Vhi's Electric Charge    Tloc/Air       12%        N/A       36%         3
 Scorch                   Fire           2%         2d5       45%         2
 Static Discharge         Conj/Air       2%         2-3/arc   45%         2
 Kindle Blastsparks       Fire/Tloc/Air  8%         2d10      47%         3
 Frozen Ramparts          Ice            2%         1d1       71%         3
 Hailstorm                Conj/Ice       1%         3d3       71%         3
 Ignite Poison            Fire/Tmut/Pois 1%         N/A       71%         3
 Inner Flame              Hex/Fire       1%         N/A       71%         3
 Vampiric Draining        Necr           1%         2d6       71%         3
 Airstrike                Air            0%         2d(1-17)  98%         4
 Cause Fear               Hex            0%         N/A       98%         4
 Flame Wave               Conj/Fire      1%         2d4       98%         4
 Summon Lightning Spire   Summ/Air       1%         N/A       98%         4
 Agony                    Necr           1%         N/A       100%        5
 Alistair's Intoxication  Tmut/Pois      0%         N/A       100%        5
 Arcjolt                  Conj/Air       0%         1d10      100%        5
 Borgnjor's Vile Clutch   Necr/Erth      0%         N/A       100%        5
 Freezing Cloud           Conj/Ice/Air   0%         6-21      100%        5
 Lightning Bolt           Conj/Air       0%         1d11      100%        5
 Eringya's Noxious Bog    Tmut/Pois      0%         N/A       100%        6
 Summon Cactus Giant      Summ           0%         N/A       100%        6
 Borgnjor's Revivificati  Necr           0%         N/A       100%        8
 Discord                  Hex            0%         N/A       100%        8
 Necromutation            Tmut/Necr      0%         N/A       100%        8
 Death's Door             Necr           0%         N/A       100%        9


Dungeon Overview and Level Annotations

Branches:
Dungeon (15/15)            Temple (0/1) D:7            Lair (5/5) D:10
 Shoals (0/4) Lair:3        Snake (2/4) Lair:2        Slime (0/5) Lair:4
    Orc (2/2) D:9             Elf (0/3) Orc:2        Vaults (0/5) D:14
 Depths (0/4) D:15

Altars:
Ashenzari
Cheibriados
Dithmenos
Elyvilon
Fedhas
Hepliaklqana
Ru
Sif Muna
Uskayaw
Vehumet
Wu Jian
Yredelemnul
Zin
Lugonu

Shops:
D:2 [   D:5 *   D:13 *   Orc:1 [?=   Orc:2 :[*?

Portals:
Abyss: Snake:1
Trove: D:10 (give +7 demon trident)

Annotations:
D:5 3 runed translucent doors, STHMFLV's ghost, novice DsEE
Lair:3 3 runed translucent doors, Gesaczie's ghost, journeyman MiFi; STHMFLV's ghost, journeyman DsEE; Uroushin's ghost, journeyman GnEn
Lair:5 exclusions: knight and 1 more exclusion
Snake:2 exclusion: hog, Kirke


Innate Abilities, Weirdness & Mutations

Your life essence is reduced to manifest your ancestor. (-10% HP)
You have razor-sharp teeth.
Your natural rate of healing is unusually fast.
When hurt, damage is shared between your health and your magic reserves.
Your bite disrupts and absorbs the magic of your enemies.
Potions cannot restore your health.


Message History

O - a potion of cancellation
Okay, then.
Unknown command.
a - a wand of mindburst (9)
Items here: ))) =.
There is an open door here.
You see here a +0 heavy scimitar.
Items here: ))) [ รทรทรท.
You open the door.
There is an open door here.
You see here a +0 ring mail.
b - the +1 leather armour "Notzuth" {rC+ Dex+4} A shock serpent comes into view.
The shock serpent hisses angrily.
The shock serpent shoots out a bolt of lightning at you!
The bolt of electricity hits you!! The bolt of electricity hits you!
Unknown command.
Fire: T) +3 longbow (flame)
Aim: a shock serpent (64% to hit)
You shoot an arrow. Belessunu avoids your attack.
The arrow hits the shock serpent.
The arrow burns the shock serpent.
The shock serpent's electric aura discharges, shocking you!
Belessunu barely misses the shock serpent.
The shock serpent barely misses Belessunu.
Fire: T) +3 longbow (flame)
Aim: a shock serpent (lightly wounded, ally target, 64% to hit)
You shoot an arrow. Belessunu avoids your attack.
The arrow hits the shock serpent!!
The arrow burns the shock serpent.
The shock serpent's electric aura discharges, shocking you!
Belessunu hits the shock serpent with a +0 broad axe of flaming!
Belessunu burns the shock serpent!
The shock serpent's electric aura discharges, shocking Belessunu!
The shock serpent shoots out a bolt of lightning at you!
The bolt of electricity hits Belessunu!
The bolt of electricity hits you!!
* * * LOW HITPOINT WARNING * * *
The shock serpent shoots out a bolt of lightning at you!
The bolt of electricity hits Belessunu!
The bolt of electricity hits you!!
You die...

#..# #######..##
#..# #..# #..# #..#
#..# #..# #..# #..#
#..# #..#
#.######### #..#
#........... #..#
#....).......###@.#
#.##########?.R...#
#.# ##S##### #.# #.
#.# #S #.# #.
#.######## #.
#......... #.
.......... ..


You could see the friendly Belessunu the knight and a shock serpent (ally
target).

Vanquished Creatures
  Mlioglotl (Snake:2)
  Aizul (Snake:2)
  An orc warlord (Orc:2)
  Nessos (Lair:4)
  Snorg (Lair:3)
  The ghost of Dittersdorf the Blocker, a journeyman GrFi of Okawaru (Lair:2)
  Erolcha (Orc:2)
  4 hydras
  A catoblepas (Lair:5)
  An ogre mage (D:15)
  4 centaur warriors
  2 anacondas (Snake:2)
  3 two-headed ogres
  Erica (D:9)
  A naga warrior (Snake:2)
  4 naga sharpshooters (Snake:1)
  2 death yaks (Lair:5)
  Urug (Lair:3)
  4 boulder beetles
  An orc high priest (Orc:2)
  3 tengu warriors (D:15)
  2 shock serpents (Snake:1)
  2 lindwurms (Lair:5)
  3 orc knights (Orc:2)
  A deep elf pyromancer (D:13)
  A necromancer (Lair:5)
  4 orc sorcerers
  14 ugly things
  An oklob plant (D:10)
  2 manticores
  2 salamanders
  4 cyclopes
  10 black mambas
  8 elephants
  10 naga magi
  2 guardian serpents
  9 cane toads
  A kobold demonologist (D:10)
  A torpor snail (Lair:2)
  A freezing wraith (D:15)
  3 rime drakes
  5 komodo dragons
  An efreet (D:15)
  3 meliai (D:13)
  4 trolls
  A polar bear (Lair:2)
  A wolf spider simulacrum (D:15)
  A wind drake (shapeshifter) (D:13)
  5 dream sheep
  16 blink frogs
  A vampire (D:12)
  A shadow (D:11)
  3 basilisks
  24 yaks
  A human (shapeshifter) (D:13)
  4 steam dragons
  2 wyverns
  4 vampire mosquitoes
  5 wargs
  14 nagas
  11 water moccasins
  18 orc warriors
  A swamp drake (D:9)
  A sky beast (D:7)
  An ice beast (D:7)
  12 ogres
  11 wolves
  3 centaurs
  5 kobold brigands
  11 bullfrogs
  2 necrophages
  A gnoll sergeant (D:10)
  2 scorpions
  10 wights
  10 killer bees (D:7)
  An electric eel (D:8)
  8 howler monkeys
  6 hounds
  22 orc priests
  3 jellies
  An iguana (Lair:5)
  Ijyb (D:4)
  16 orc wizards
  3 yak simulacra (Lair:5)
  3 hell rats (Lair:3)
  2 polar bear simulacra (Lair:5)
  3 wolf simulacra (Lair:5)
  6 gnolls
  8 adders
  A white imp (D:7)
  2 worms (D:4)
  4 dart slugs
  44 orcs
  6 ball pythons
  6 endoplasms
  2 giant cockroaches
  5 goblins
  3 hobgoblins
  A jackal (D:4)
  3 quokkas
  5 bats
  27 kobolds
  6 rats
  2 river rat simulacra (Lair:5)
  2 lurking horrors (Snake:1)
517 creatures vanquished.

Vanquished Creatures (collateral kills)
  A stone giant (D:15)
  A fire dragon (D:14)
  Fannar (Lair:3)
  Harold (D:8)
  A catoblepas (Lair:5)
  A vault guard (D:14)
  2 two-headed ogres (D:15)
  2 naga warriors
  3 orc high priests
  A death yak (Lair:5)
  Lodul (D:13)
  A salamander mystic (Snake:2)
  2 mana vipers (Snake:1)
  3 orc knights (Orc:2)
  A manticore (Lair:5)
  A naga mage (Snake:1)
  6 black mambas
  4 elephants
  A gargoyle (D:14)
  7 cane toads
  A torpor snail (Lair:5)
  2 rime drakes
  2 komodo dragons (Lair:2)
  3 trolls
  A hornet (D:11)
  6 blink frogs
  A dream sheep (Lair:4)
  Sigmund (D:5)
  A shadow (D:12)
  A wyvern (Lair:5)
  Eustachio (D:5)
  14 yaks
  A basilisk (Lair:3)
  2 vampire mosquitoes (D:12)
  6 nagas
  3 wargs (Orc:2)
  An acid dragon (D:10)
  4 water moccasins
  A sky beast (D:6)
  3 ogres
  10 orc warriors
  An ice beast (D:8)
  7 wolves
  A kobold brigand (D:9)
  A phantom (D:6)
  A necrophage (D:5)
  4 bullfrogs
  8 wights
  4 killer bees (D:7)
  2 howler monkeys (D:8)
  3 orc priests
  An iguana (D:4)
  8 orc wizards
  A hell rat (Lair:3)
  A wolf simulacrum (Lair:5)
  A gnoll (D:7)
  An adder (D:5)
  27 orcs
  A ball python (D:2)
  5 kobolds
  A butterfly (Lair:1)
185 creatures vanquished.

Vanquished Creatures (others)
  A rime drake (Lair:5)
  An orc priest (Orc:2)
  11 knights
  An ancestor (D:4)
  A quokka (D:4)
  22 fungi
  A lurking horror (Snake:1)
  67 plants
  4 withered plants (Lair:3)
109 creatures vanquished.

Grand Total: 811 creatures vanquished

Notes
Turn   | Place    | Note
-------+----------+-------------------------------------------
     0 | D:5      | ragingrage the Vine Stalker Delver began the quest for the
                  | Orb.
     0 | D:5      | Reached XP level 1. HP: 11/11 MP: 2/2
     0 | D:5      | Noticed an iguana
     0 | D:5      | Noticed a centaur
     0 | D:5      | Noticed STHMFLV's ghost (novice DsEE)
     0 | D:5      | Noticed a scorpion
     6 | D:5      | Noticed Eustachio
     8 | D:5      | Noticed a necrophage
   263 | D:4      | Reached XP level 2. HP: 14/15 MP: 3/3
   280 | D:4      | Found a snail-covered altar of Cheibriados.
   306 | D:4      | Noticed Ijyb
   329 | D:4      | Found a white marble altar of Elyvilon.
   443 | D:3      | Found a broken altar of Ashenzari.
   450 | D:3      | Found a basalt altar of Yredelemnul.
   453 | D:3      | Found an ornate altar of the Wu Jian Council.
   455 | D:3      | Found a blossoming altar of Fedhas.
   473 | D:3      | Reached XP level 3. HP: 7/19 MP: 2/4
   480 | D:3      | Found a hazy altar of Hepliaklqana.
   670 | D:3      | Became a worshipper of Hepliaklqana the Forgotten
   753 | D:3      | Found a faded altar of an unknown god.
   814 | D:3      | Reached skill level 1 in Ranged Weapons
   814 | D:3      | Gained mutation: Your natural rate of healing is unusually
                  | fast. [Vine Stalker growth]
   814 | D:3      | Reached XP level 4. HP: 18/23 MP: 3/5
  1080 | D:3      | Reached skill level 2 in Ranged Weapons
  1091 | D:3      | Reached XP level 5. HP: 27/27 MP: 6/6
  1240 | D:3      | Reached skill level 3 in Ranged Weapons
  1381 | D:2      | Found Vexehoho's Armour Emporium.
  2005 | D:1      | Reached * piety under Hepliaklqana
  2600 | D:4      | Reached skill level 4 in Ranged Weapons
  2614 | D:4      | Reached XP level 6. HP: 28/28 MP: 7/7
  2832 | D:4      | Killed Ijyb
  2903 | D:4      | Reached skill level 5 in Ranged Weapons
  2984 | D:4      | Reached ** piety under Hepliaklqana
  2985 | D:4      | Remembered your ancestor Belessunu as a knight
  3116 | D:4      | Reached XP level 7. HP: 31/31 MP: 8/8
  3427 | D:5      | Identified the +1 dagger "Cookie Cutter" {vamp, Dex+3}
  3447 | D:5      | Found a radiant altar of Vehumet.
  3488 | D:5      | Reached skill level 6 in Ranged Weapons
  3595 | D:5      | Killed Eustachio
  3596 | D:5      | Reached skill level 7 in Ranged Weapons
  3663 | D:5      | Noticed Sigmund
  3666 | D:5      | Killed Sigmund
  3667 | D:5      | Gained mutation: You have razor-sharp teeth. [Vine Stalker
                  | growth]
  3667 | D:5      | Reached XP level 8. HP: 35/35 MP: 9/9
  3741 | D:5      | Noticed a troll
  3747 | D:5      | Killed a troll
  3748 | D:5      | Reached skill level 8 in Ranged Weapons
  4174 | D:6      | Reached skill level 9 in Ranged Weapons
  4285 | D:6      | Reached *** piety under Hepliaklqana
  4348 | D:6      | Reached XP level 9. HP: 38/38 MP: 10/10
  4433 | D:6      | Reached skill level 10 in Ranged Weapons
  4894 | D:7      | Reached skill level 11 in Ranged Weapons
  5061 | D:7      | Found a staircase to the Ecumenical Temple.
  5601 | D:7      | Reached skill level 12 in Ranged Weapons
  5645 | D:7      | Reached XP level 10. HP: 32/42 MP: 11/11
  5837 | D:7      | Found a hide-covered altar of Uskayaw.
  6352 | D:8      | Reached **** piety under Hepliaklqana
  6392 | D:8      | Reached skill level 13 in Ranged Weapons
  6706 | D:9      | Noticed Harold
  6752 | D:8      | Killed Harold
  6927 | D:9      | Reached skill level 14 in Ranged Weapons
  7134 | D:9      | Noticed Erica
  7141 | D:9      | Killed Erica
  7142 | D:9      | Reached XP level 11. HP: 45/45 MP: 12/12
  7420 | D:9      | Reached skill level 1 in Invocations
  7439 | D:9      | Found a staircase to the Orcish Mines.
  7872 | D:10     | Entered Level 10 of the Dungeon
  8159 | D:10     | Found a portal to a secret trove of treasure.
  8248 | D:10     | Found a staircase to the Lair.
  8248 | D:10     | Noticed an oklob plant
  8435 | D:10     | Killed an oklob plant
  8660 | D:10     | Reached skill level 15 in Ranged Weapons
  8874 | D:11     | Found a shimmering blue altar of Sif Muna.
  9067 | D:11     | Noticed a boulder beetle
  9074 | D:11     | Killed a boulder beetle
  9075 | D:11     | Reached skill level 5 in Invocations
  9177 | D:11     | Noticed a cyclops
  9190 | D:11     | Killed a cyclops
  9220 | D:11     | Reached ***** piety under Hepliaklqana
  9418 | Lair:1   | Entered Level 1 of the Lair of Beasts
  9926 | Lair:1   | Reached XP level 12. HP: 49/50 MP: 8/17
 10002 | Lair:1   | Identified the +0 chain mail of Hedging {Int+3}
 10046 | Lair:1   | Found a hide-covered altar of Uskayaw.
 10230 | Lair:1   | Noticed a boulder beetle
 10234 | Lair:1   | Noticed a boulder beetle
 10247 | Lair:1   | Killed a boulder beetle
 10249 | Lair:1   | Killed a boulder beetle
 10261 | Lair:1   | Reached skill level 16 in Ranged Weapons
 10955 | Lair:3   | Noticed Fannar
 10974 | Lair:3   | Killed Fannar
 11091 | Lair:3   | Noticed Urug
 11187 | Lair:3   | Killed Urug
 11488 | Lair:3   | Found a runed translucent gate.
 11488 | Lair:3   | Found a runed translucent gate.
 11488 | Lair:3   | Found a runed translucent gate.
 11489 | Lair:3   | Noticed Gesaczie's ghost (journeyman MiFi)
 11489 | Lair:3   | Noticed Uroushin's ghost (journeyman GnEn)
 11490 | Lair:3   | Noticed STHMFLV's ghost (journeyman DsEE)
 11497 | Lair:3   | Reached skill level 17 in Ranged Weapons
 11772 | Lair:3   | Reached XP level 13. HP: 53/53 MP: 20/20
 11876 | Lair:3   | Noticed Snorg
 11883 | Lair:3   | Killed Snorg
 11954 | Lair:3   | Found a staircase to the Shoals.
 12777 | Lair:4   | Reached skill level 18 in Ranged Weapons
 13030 | Lair:4   | Reached skill level 1 in Evocations
 13278 | Lair:4   | Reached skill level 1 in Armour
 13699 | Lair:4   | Noticed Nessos
 13718 | Lair:4   | Killed Nessos
 13975 | Lair:4   | Found a staircase to the Slime Pits.
 14121 | Lair:5   | Entered Level 5 of the Lair of Beasts
 14209 | Lair:5   | Reached ****** piety under Hepliaklqana
 14247 | Lair:5   | Found a sacrificial altar of Ru.
 14749 | Lair:5   | Reached XP level 14. HP: 56/60 MP: 19/22
 15023 | Lair:5   | Reached skill level 5 in Fighting
 15023 | Lair:5   | Reached skill level 10 in Invocations
 16134 | D:12     | Identified the ring of Mufid {rPois rC+ Str-3 SInv}
 16627 | D:13     | Noticed Lodul
 16634 | D:13     | Killed Lodul
 16817 | D:13     | Found Ujurch's General Store.
 16931 | D:13     | Bought a scroll of teleportation for 36 gold pieces
 16931 | D:13     | Bought a scroll of brand weapon for 114 gold pieces
 17209 | D:15     | Entered Level 15 of the Dungeon
 17521 | D:15     | Found a shadowy altar of Dithmenos.
 17662 | D:15     | Reached skill level 5 in Dodging
 17662 | D:15     | Reached skill level 5 in Evocations
 17723 | D:15     | Reached skill level 10 in Stealth
 17731 | D:15     | Reached skill level 5 in Armour
 17853 | D:15     | Reached XP level 15. HP: 66/66 MP: 23/23
 17860 | D:15     | Found a staircase to the Depths.
 18448 | D:14     | Learned a level 2 spell: Blink
 18471 | D:14     | Reached skill level 1 in Translocations
 18534 | D:14     | Found a gate to the Vaults.
 18721 | Orc:1    | Entered Level 1 of the Orcish Mines
 18806 | Orc:1    | Found Ilaujui's Magic Scroll Boutique.
 18839 | Orc:1    | Found Laineat's Jewellery Shop.
 19240 | Orc:1    | Found Zitoid's Antique Armour Shoppe.
 19265 | Orc:1    | Bought a scorched chain mail for 275 gold pieces
 19265 | Orc:1    | Identified the +0 chain mail of Mysticism {rPois rF+ SInv}
                  | (You bought it in a shop on level 1 of the Orcish Mines)
 19308 | Orc:2    | Entered Level 2 of the Orcish Mines
 19317 | Orc:2    | Noticed Erolcha
 19321 | Orc:2    | Killed Erolcha
 19429 | Orc:2    | Noticed an orc warlord
 19446 | Orc:2    | Killed an orc warlord
 19653 | Orc:2    | Found a staircase to the Elven Halls.
 20005 | Orc:2    | Found Nuajesch's Book Shop.
 20005 | Orc:2    | Found Ozxoc's Magic Scroll Shoppe.
 20007 | Orc:2    | Found Teoluc's Armour Shop.
 20007 | Orc:2    | Found Pitemab's Assorted Antiques.
 20021 | Orc:2    | Bought a condenser vane for 1040 gold pieces
 20427 | D:2      | Bought a +1 cloak of preservation for 231 gold pieces
 21056 | Lair:2   | You fall into a shaft and drop 1 floor!
 21207 | Lair:2   | Found a staircase to the Snake Pit.
 21267 | Lair:2   | Found a runed translucent gate.
 21267 | Lair:2   | Noticed Dittersdorf's ghost (journeyman GrFi)
 21303 | Lair:2   | Found a runed translucent gate.
 21305 | Lair:2   | Found a runed translucent gate.
 21776 | Lair:2   | Killed Dittersdorf's ghost
 21778 | Lair:2   | Reached skill level 5 in Translocations
 21903 | Snake:1  | Entered Level 1 of the Snake Pit
 22148 | Snake:1  | Found a one-way gate to the infinite horrors of the Abyss.
 22237 | Snake:1  | Reached XP level 16. HP: 62/75 MP: 18/24
 22849 | Snake:1  | Found a corrupted altar of Lugonu.
 22950 | Snake:2  | Reached skill level 1 in Spellcasting
 23289 | Snake:2  | Noticed Kirke
 23334 | Snake:2  | Noticed Mlioglotl
 23342 | Snake:2  | Killed Mlioglotl
 23343 | Snake:2  | Reached skill level 10 in Fighting
 23676 | Snake:2  | Noticed Aizul
 23690 | Snake:2  | Killed Aizul
 23995 | Snake:2  | Identified the +1 leather armour "Notzuth" {rC+ Dex+4}
 24002 | Snake:2  | Killed from afar by a shock serpent

Illustrated notes

Levels and vault maps discovered:
D:1:      minmay_arrival_stone_box, layout_basic
D:2:      layout_loops_ring, serial_shops, shop, serial_forest,
          infiniplex_forest_diagonal, infiniplex_forest_straight_2,
          infiniplex_forest_clump_cross, infiniplex_forest_lined_3,
          infiniplex_forest_corner_1, infiniplex_forest_fountain,
          infiniplex_forest_lined_ring, infiniplex_forest_lined_2,
          amcnicky_mini_pool_small
D:3:      layout_loops_corners, nicolae_overflow_hallway_of_the_gods,
          ebering_ecumenical_altar_hall
D:4:      kennysheep_big_flooded_room, layout_cave_pools,
          kennysheep_slug_shrine, mainiacjoe_overflow_brackets,
          kennysheep_path_1, minmay_increasing_density, uniq_ijyb
D:5:      layout_basic, zin_purify, mainiacjoe_overflow_boulevard,
          gammafunk_ghost_split, uniq_eustachio, uniq_sigmund, uniq_edmund
D:6:      layout_basic
D:7:      layout_basic, eat_drink_and_be_merry_uskayaw,
          minmay_temple_entry_from_below_b, minivault_11, hex_large,
          minmay_fractal_squares_5
D:8:      layout_rooms, serial_bayou_lagoon_a
D:9:      layout_roguey, erik_orc_1, uniq_erica, uniq_harold
D:10:     layout_grid_maze, dpeg_oklobed_lair, serial_glass, glass_columns_a,
          glass_columns_b, feat_on_display, nicolae_trove_entry_columns
D:11:     layout_basic, nicolae_sif_muna_condensation
D:12:     layout_loops_ring
D:13:     layout_rooms, serial_shops, nicolae_inconvenience_store, st_stairs_13,
          uniq_lodul
D:14:     layout_big_octagon, david_vaults_5
D:15:     grunt_enter_depths_snipers, layout_rooms,
          nicolae_dithmenos_the_darkroom
Lair:1:   layout_small_grid, basic_altar, lemuel_fruit_fields
Lair:2:   layout_cave_pods, minmay_snake_entry_spellcaster,
          gammafunk_ghost_split
Lair:3:   layout_regular_city, elwin_shoals_entry_rocks,
          gammafunk_ghost_cemetery, infiniplex_staircase_pool_2, uniq_fannar,
          uniq_urug, uniq_snorg
Lair:4:   layout_layer_cave, dpeg_slime_entry_enclosed, uniq_nessos
Lair:5:   hangedman_lair_in_review, layout_regular_city,
          guppyfry_lair_end_dragon, basic_altar, eino_house_with_fridge
Snake:1:  layout_basic, amcnicky_altar_lugonu_corruption
Snake:2:  layout_gridlike, grunt_megastairs_5, uniq_aizul, uniq_kirke,
          uniq_mlioglotl
Orc:1:    layout_diamond_mine, serial_shops, shop, nicolae_lakefront_shop,
          nicolae_shop_crystal, basic_altar
Orc:2:    grunt_orc_tribal_feast, layout_diamond_mine, uniq_erolcha

Skill      XL: |  1  2  3  4  5  6  7  8  9 10 11 12 13 14 15 16 |
---------------+-------------------------------------------------+-----
Short Blades   | 2 3 |  3.3
Ranged Weapons | 1 2 4 5 7 9 12 14 15 17 18 | 18.0
Invocations    | 6 9 10 | 10.0
Fighting       | 4 6 9 10 | 10.1
Dodging        | 3 5 8 9 |  9.0
Evocations     | 3 5 |  5.7
Armour         | 2 5 |  5.0
Stealth        | 7 10 | 10.0
Translocations | 5 |  5.0
Spellcasting   | 3 |  3.0

Action                     |  1- 3 |  4- 6 |  7- 9 | 10-12 | 13-15 | 16-18 || total
---------------------------+-------+-------+-------+-------+-------+-------++-------
  Melee: Short sword       |    50 |    28 |    13 |    13 |     8 |       ||   112
         Bite              |    15 |     9 |     3 |     6 |     2 |       ||    35
         Unarmed           |       |    19 |       |       |       |       ||    19
         Punch             |       |     2 |       |     1 |       |       ||     3
   Fire: Arbalest          |    22 |    78 |   135 |   546 |   142 |       ||   923
         Longbow           |       |       |       |       |   913 |   214 ||  1127
  Throw: Dart              |       |       |       |     5 |     2 |       ||     7
         Throwing net      |       |       |       |       |     1 |       ||     1
 Invoke: Ancestor Life: Kn |       |     1 |       |       |       |       ||     1
         Transference      |       |       |       |     1 |     2 |       ||     3
         Recall Ancestor   |       |       |       |     1 |     6 |       ||     7
         Idealise          |       |       |       |     1 |     1 |       ||     2
  Evoke: Wand              |       |       |       |       |     4 |     1 ||     5
         Condenser vane    |       |       |       |       |     1 |       ||     1
    Use: Potion            |     1 |     2 |       |     1 |     1 |       ||     5
         Scroll            |     1 |       |    10 |     8 |     5 |     2 ||    26
   Stab: Sleeping          |       |     3 |       |       |     1 |       ||     4
 Armour: Leather armour    |    12 |     6 |    16 |    66 |     2 |       ||   102
         Skin              |       |    23 |       |       |       |       ||    23
         Troll leather arm |       |       |       |       |    56 |     3 ||    59
  Dodge: Dodged            |    24 |    19 |    33 |   120 |   110 |    13 ||   319
  Block: Other             |       |       |       |    13 |    55 |     3 ||    71
         Reflection        |       |       |       |       |     4 |     2 ||     6

Table legend: (Time is in decaauts)
 A = Elapsed time spent in this place.
 B = Non-inter-level travel time spent in this place.
 C = Inter-level travel time spent in this place.
 D = Time resting spent in this place.
 E = Time spent auto-exploring this place.
 F = Levels seen in this place.
 G = Mean time per level.
                   A        B        C        D        E       F      G
               +--------+--------+--------+--------+--------+-----+--------+
         Total |  23925 |  22183 |   1742 |   4383 |  14073 |  24 |  996.9 |
       Dungeon |  13486 |  12118 |   1368 |   2096 |   7977 |  15 |  899.1 |
          Lair |   7158 |   6860 |    298 |   1464 |   4302 |   5 | 1431.6 |
     Snake Pit |   1834 |   1827 |      7 |    497 |   1050 |   2 |  917.0 |
  Orcish Mines |   1445 |   1377 |     68 |    325 |    744 |   2 |  722.5 |
               +--------+--------+--------+--------+--------+-----+--------+

Top non-repeatable levels by time:
  Lair:4: 1759 daAuts
  Lair:3: 1688 daAuts
    D:10: 1519 daAuts
     D:7: 1451 daAuts
  Lair:5: 1384 daAuts
  Lair:2: 1298 daAuts
     D:9: 1286 daAuts
     D:3: 1184 daAuts
     D:4: 1170 daAuts
  Lair:1: 1027 daAuts
 Snake:2: 1027 daAuts
    D:15: 960 daAuts
   Orc:2: 863 daAuts
 Snake:1: 807 daAuts
     D:6: 770 daAuts
